 Dungeon Crawl Stone Soup version 0.19.5 (webtiles) character file.

374 Lizzreth the Cutter (level 6, -5/44 HPs)
             Began as a Demonspawn Assassin on Mar 17, 2017.
             Was a Follower of Makhleb.
             Slain by joejoepie's ghost (11 damage)
             ... on level 4 of the Dungeon.
             The game lasted 00:27:38 (5703 turns).

Lizzreth the Cutter (Demonspawn Assassin)           Turns: 5703, Time: 00:27:39

Health: -5/44      AC:  7    Str: 11    XL:     6   Next: 43%
Magic:  0/6        EV: 11    Int: 13    God:    Makhleb [*.....]
Gold:   208        SH:  0    Dex: 16    Spells: 0 memorised, 5 levels left

rFire  . . .     SeeInvis .     a - +2 dagger
rCold  + . .     Gourm    .     q - +1 leather armour {rC+}
rNeg   . . .     Faith    .     (no shield)
rPois  .         Spirit   +     (no helmet)
rElec  .         Reflect  .     d - +0 cloak
rCorr  .         Harm     .     (no gloves)
MR     .....                    m - +1 pair of boots
Stlth  ++........               (no amulet)
                                (no ring)
                                (no ring)

@: no status effects
A: hooves 2, magic shield
a: Renounce Religion


You were on level 4 of the Dungeon.
You worshipped Makhleb.
Makhleb was aware of your devotion.
You were not hungry.

You visited 1 branch of the dungeon, and saw 4 of its levels.
You also visited: Sewer.

You collected 208 gold pieces.

Inventory:

Hand Weapons
 a - a +2 dagger (weapon)
 b - a +0 blowgun
Missiles
 f - 2 curare-tipped needles
Armour
 c - a +0 robe
 d - a +0 cloak (worn)
 m - a +1 pair of boots (worn)
 q - a +1 leather armour of cold resistance (worn)
Wands
 y - a wand of slowing (23/48)
Scrolls
 h - 2 scrolls of fear
 i - 2 scrolls of magic mapping
 j - 4 scrolls of remove curse
 l - 2 scrolls of recharging
 n - a scroll of random uselessness
 s - 5 scrolls of teleportation
 t - a scroll of identify
Potions
 k - a potion of magic
Comestibles
 g - a meat ration
 p - a fruit
 u - 2 chunks of flesh
 v - a bread ration


   Skills:
 - Level 2.0 Fighting
 + Level 6.3 Short Blades
 - Level 1.7 Throwing
 - Level 0.8 Dodging
 - Level 3.6 Stealth


You had 5 spell levels left.
You didn't know any spells.

Dungeon Overview and Level Annotations

Branches:
Dungeon (4/15)
 Temple: D:4-7

Altars:
Makhleb
Qazlal

Annotations:
D:4 joejoepie's ghost, novice GrBe


Innate Abilities, Weirdness & Mutations

You have hoof-like feet.
When hurt, damage is shared between your health and your magic reserves.


Message History

You are too injured to fight recklessly!
You are too injured to fight recklessly!
You are too injured to fight recklessly!
You are too injured to fight recklessly!
You are too injured to fight recklessly!
You are too injured to fight recklessly!
You are too injured to fight recklessly!
You are too injured to fight recklessly!
You are too injured to fight recklessly!
You hit joejoepie's ghost but do no damage.
Joejoepie's ghost is heavily damaged.
You barely miss joejoepie's ghost.
Joejoepie's ghost is heavily damaged.
Joejoepie's ghost screams, "You will never get the ORB!"
Joejoepie's ghost completely misses you.
You hit joejoepie's ghost.
Joejoepie's ghost is heavily damaged.
Joejoepie's ghost says very slowly, "There's no hope."
Joejoepie's ghost hits you!
You die...

############ # #((.{....(.# ...
#(########.###....(
#.#...(....((((.....(
#.#<.......#(##......
#.#.....@W.#.# ..(..
#.#........#.# .#+#
##..........#.# # #...........#.#
#...........#'##### #...
###.................# #..#
#.#+##...)...............# ..#..#
#.#.#...###..............# ..#..#
#?#.#...###.>......#+######..#..#


You could see joejoepie's ghost.

Vanquished Creatures
  Sigmund (D:4)
  A worker ant (D:4)
  5 adders
  An ooze (D:2)
  A worm (D:3)
  5 dart slugs
  3 leopard geckos
  2 orcs (D:3)
  6 bats
  8 giant cockroaches
  15 hobgoblins
  10 jackals
  A quokka (D:2)
  6 ball pythons
  11 frilled lizards
  6 goblins
  18 kobolds
  13 rats
  4 plants (Sewer)
117 creatures vanquished.

Notes
Turn   | Place    | Note
-------+----------+-------------------------------------------
     0 | D:1      | Lizzreth the Demonspawn Assassin began the quest for the Orb.
     0 | D:1      | Reached XP level 1. HP: 16/16 MP: 1/1
    16 | D:1      | Reached skill level 2 in Short Blades
   191 | D:1      | Gained mutation: You have large cloven feet. [demonic ancestry]
   191 | D:1      | Reached XP level 2. HP: 8/22 MP: 2/2
   203 | D:1      | HP: 1/22 [dart slug/slug dart (5)]
   551 | D:1      | Reached skill level 3 in Short Blades
   706 | D:1      | Reached XP level 3. HP: 21/27 MP: 3/3
  1809 | D:2      | Reached skill level 4 in Short Blades
  1809 | D:2      | Reached XP level 4. HP: 11/33 MP: 4/4
  2237 | D:2      | Found a burning altar of Makhleb.
  2238 | D:2      | Noticed a blizzard demon
  2285 | D:2      | Noticed a neqoxec
  2285 | D:2      | Noticed an orange demon
  2287 | D:2      | Became a worshipper of Makhleb the Destroyer
  2843 | D:3      | Found a glowing drain.
  2856 | Sewer    | Entered a sewer
  2898 | Sewer    | Gained mutation: When hurt, damage is shared between your health and your magic reserves. [demonic ancestry]
  2898 | Sewer    | Reached XP level 5. HP: 30/38 MP: 5/5
  3226 | Sewer    | Reached * piety under Makhleb
  3690 | Sewer    | Reached skill level 5 in Short Blades
  4673 | D:3      | Found a stormy altar of Qazlal.
  5367 | D:4      | Noticed Sigmund
  5619 | D:4      | Killed Sigmund
  5619 | D:4      | Reached skill level 6 in Short Blades
  5619 | D:4      | Gained mutation: You have hoof-like feet. [demonic ancestry]
  5619 | D:4      | Reached XP level 6. HP: 33/44 MP: 6/6
  5657 | D:4      | Noticed joejoepie's ghost (novice GrBe)
  5703 | D:4      | Slain by joejoepie's ghost

Skill      XL: |  1  2  3  4  5 |
---------------+----------------+-----
Short Blades   | 2 3 4 6 |  6.3
Fighting       | |  2.0
Throwing       | |  1.7
Dodging        | |  0.8
Stealth        | |  3.6

Action                   |  1- 3 |  4- 6 || total
-------------------------+-------+-------++-------
Melee: Dagger            |   180 |   828 ||  1008
       Kick              |    18 |       ||    18
       Blowgun           |       |     1 ||     1
 Fire: Blowgun           |       |    21 ||    21
  Use: Scroll            |       |    10 ||    10
       Potion            |       |    11 ||    11
 Stab: Sleeping          |     4 |    12 ||    16
  Eat: Bread ration      |     1 |       ||     1
       Chunk             |       |    11 ||    11
       Fruit             |       |     1 ||     1
       Beef jerky        |       |     1 ||     1
Armor: Robe              |    44 |    12 ||    56
       Leather armour    |       |   113 ||   113
Dodge: Dodged            |    93 |   145 ||   238
